 Dungeon Crawl Stone Soup version 0.25.0-10-g039870ee82 (webtiles) character file.

Game seed: 16480675943921910116

485 Dirian the Slasher (level 6, -1/56 HPs)
             Began as a Minotaur Fighter on June 23, 2020.
             Succumbed to Ijyb's poison gas
             ... on level 5 of the Dungeon.
             The game lasted 00:05:00 (3619 turns).

Dirian the Slasher (Minotaur Fighter)               Turns: 3619, Time: 00:05:01

Health: -1/56      AC: 11    Str: 22    XL:     6   Next: 88%
Magic:  1/5        EV:  6    Int:  5    God:
Gold:   150        SH: 11    Dex: 10    Spells: 5/5 levels left

rFire    . . .     SeeInvis .   a - +0 long sword
rCold    . . .     Gourm    .   c - +1 kite shield
rNeg     . . .     Faith    .   m - +0 chain mail
rPois    .         Spirit   +   (helmet restricted)
rElec    .         Reflect  .   j - +0 cloak
rCorr    .         Harm     .   (no gloves)
MR       .....                  (no boots)
Stlth    ..........             f - amulet of guardian spirit
HPRegen  0.18/turn              (no ring)
MPRegen  0.09/turn              (no ring)

@: lethally poisoned (-1 -> -70)
A: retaliatory headbutt, horns 2
a: no special abilities


You were on level 5 of the Dungeon.
You were not hungry.

You visited 2 branches of the dungeon, and saw 6 of its levels.

You collected 150 gold pieces.

Inventory:

Hand Weapons
 a - a +0 long sword (weapon)
Armour
 c - a +1 kite shield (worn)
 j - a +0 cloak (worn)
 m - a +0 chain mail (worn)
 t - a +0 plate armour
Jewellery
 f - an amulet of guardian spirit (around neck)
Wands
 h - a wand of flame (14)
 i - a wand of paralysis (6)
Scrolls
 g - a scroll of enchant weapon {unknown}
 n - a scroll of immolation {unknown}
 r - a scroll of identify
 x - 4 scrolls of remove curse
 z - 2 scrolls of blinking
Potions
 b - a potion of magic {unknown}
 d - 2 potions of might
 l - a potion of lignification {unknown}
 q - 2 potions of curing
 s - a potion of flight
 w - 3 potions of heal wounds
Comestibles
 e - 8 rations


   Skills:
 + Level 5.0 Fighting
 * Level 6.4 Long Blades
 + Level 5.3 Armour
 + Level 4.9 Shields


You had 5 spell levels left.
You didn't know any spells.
Your spell library was empty.

Dungeon Overview and Level Annotations

Branches:
Dungeon (5/15)             Temple (1/1) D:4

Altars:
Ashenzari
Cheibriados
Dithmenos
Fedhas
Gozag
Hepliaklqana
Kikubaaqudgha
Makhleb
Okawaru
Qazlal
Ru
Trog
Uskayaw
Vehumet
Wu Jian
Xom
Yredelemnul
Zin

Annotations:
D:5 Ijyb


Innate Abilities, Weirdness & Mutations

You reflexively headbutt those who attack you in melee.
You have a pair of horns on your head.


Message History

Ijyb hits you but does no damage. You block Ijyb's attack.
You barely miss Ijyb.
Ijyb is severely wounded.
You are engulfed in poison gas.
You are lethally poisoned!
You feel very sick. You block Ijyb's attack.
Your shield and chain mail prevent you from hitting Ijyb.
Ijyb is severely wounded.
You are engulfed in poison gas.
You are more poisoned.
* * * LOW HITPOINT WARNING * * *
You feel very sick. Ijyb hits you but does no damage.
You closely miss Ijyb. Your headbutt misses Ijyb.
Ijyb is severely wounded.
You are engulfed in poison gas.
You are more poisoned.
* * * LOW HITPOINT WARNING * * *
You die...

....... ##.#.#..).###
..>.... #..#...#.## #
......o #.#...##.####
......§##.....##.##..
#g§§.#.....##..
#§#§##..####..<
####§#.##...# #.#.
#§g.§§....#.###.#.
#.#@##...####.##....
#.#§##..## #.#...##
#.#.....# #...#.##
###...###.#####.....<.
....####.##..........
###.. ##..#..##.......
#....##...............
.#......####.._......
..#)#..÷## #.........


You could see Ijyb (resistant).

Vanquished Creatures
  An ogre (D:4)
  A centaur (D:5)
  A scorpion (D:4)
  Natasha (thrice) (D:4)
  2 iguanas
  A hound skeleton (D:5)
  4 adders
  An adder skeleton (D:4)
  3 dart slugs
  5 leopard geckos
  6 orcs
  3 giant cockroaches
  5 goblins
  7 hobgoblins
  4 jackals
  7 kobolds
  2 quokkas
  2 ball pythons (D:4)
  12 bats
  4 frilled lizards
  A giant cockroach zombie (D:5)
  6 rats
81 creatures vanquished.

Vanquished Creatures (others)
  An orc (D:5)
1 creature vanquished.

Grand Total: 82 creatures vanquished

Notes
Turn   | Place    | Note
-------+----------+-------------------------------------------
     0 | D:1      | Dirian the Minotaur Fighter began the quest for the Orb.
     0 | D:1      | Reached XP level 1. HP: 19/19 MP: 0/0
   210 | D:1      | Reached XP level 2. HP: 27/27 MP: 1/1
   698 | D:2      | Reached skill level 3 in Long Blades
   699 | D:2      | Reached XP level 3. HP: 33/33 MP: 2/2
   702 | D:2      | You fall into a shaft and drop 2 floors!
   767 | D:4      | Noticed an ogre
   810 | D:4      | Killed an ogre
   810 | D:4      | Reached skill level 4 in Long Blades
   810 | D:4      | Reached XP level 4. HP: 34/41 MP: 3/3
   824 | D:4      | Reached XP level 5. HP: 42/47 MP: 4/4
  1141 | D:2      | Found a shattered altar of Ashenzari.
  1553 | D:3      | Found an ornate altar of the Wu Jian Council.
  1577 | D:3      | Found a stormy altar of Qazlal.
  2030 | D:3      | Reached skill level 5 in Long Blades
  2324 | D:4      | Found a staircase to the Ecumenical Temple.
  2397 | D:4      | Noticed Natasha
  2411 | D:4      | Killed Natasha
  2515 | D:4      | Reached skill level 5 in Armour
  2515 | D:4      | Reached XP level 6. HP: 53/53 MP: 5/5
  2574 | D:4      | Noticed Natasha
  2587 | D:4      | Killed Natasha
  2613 | D:4      | Noticed Natasha
  2617 | D:4      | Killed Natasha
  2970 | D:5      | Entered Level 5 of the Dungeon
  2970 | D:5      | Found an opulent altar of Gozag.
  2977 | D:5      | Reached skill level 6 in Long Blades
  3012 | Temple   | Entered the Ecumenical Temple
  3357 | D:5      | Reached skill level 5 in Fighting
  3595 | D:5      | Noticed Ijyb
  3619 | D:5      | Succumbed to Ijyb's poison gas

Illustrated notes

Levels and vault maps discovered:
D:1:      beargit_arrival_greenhouse, layout_basic
D:2:      layout_rooms, evilmike_ruin_ashenzari
D:3:      minmay_general_purpose_star, layout_basic, old_standard_altar,
          old_standard_altar
D:4:      layout_basic, minmay_temple_entry_overgrown, first_ration,
          uniq_natasha
D:5:      layout_rooms, nemelex_altar_shiori, nicolae_gozag_seed_capital,
          nicolae_underground_beach, uniq_ijyb
Temple:   dpeg_chambers_temple

Skill      XL: |  1  2  3  4  5  6 |
---------------+-------------------+-----
Armour         | 4 5 |  5.3
Fighting       | 4 5 |  5.0
Shields        | 4 |  4.9
Long Blades    | 3 4 5 6 |  6.4

Action                   |  1- 3 |  4- 6 || total
-------------------------+-------+-------++-------
Melee: Long sword        |    40 |   173 ||   213
       Headbutt          |     7 |    26 ||    33
  Use: Potion            |     1 |       ||     1
       Scroll            |       |    10 ||    10
  Eat: Chunk             |       |     9 ||     9
Armor: Scale mail        |    19 |    34 ||    53
       Chain mail        |       |    39 ||    39
Dodge: Dodged            |    14 |    53 ||    67
Block: Kite shield       |    19 |    89 ||   108
       Rpst.: Long sword |     2 |    14 ||    16
